 Dungeon Crawl Stone Soup version 0.26-a0-996-g6b303dbc09 (webtiles) character file.

Game seed: 15578563903674862633

7585 Conn the Nimble (level 11, -3/64 HPs)
             Began as an Octopode Fire Elementalist on Dec 6, 2020.
             Was a Believer of Sif Muna.
             Slain by a wolf spider (shapeshifter) (18 damage)
             ... on level 10 of the Dungeon.
             The game lasted 00:40:05 (16589 turns).

Conn the Nimble (Octopode Fire Elementalist)       Turns: 16589, Time: 00:40:06

Health: -3/64      AC:  5    Str:  8    XL:     11   Next: 17%
Magic:  9/17       EV: 17    Int: 21    God:    Sif Muna [**....]
Gold:   677        SH:  0    Dex: 10    Spells: 2/18 levels left

rFire    + . .     SeeInvis .   n - +2 hand axe (flame)
rCold    . . .     Faith    .   (no shield)
rNeg     . . .     Spirit   .   (helmet restricted)
rPois    .         Reflect  .   y - amulet of magic regeneration
rElec    .         Harm     .   s - +4 ring of protection
rCorr    .         Rampage  .   z - +4 ring of slaying
MR       .....                  (no ring)
Stlth    +++++.....             (no ring)
HPRegen  0.20/turn              (no ring)
MPRegen  0.40/turn              (no ring)
                                (no ring)
                                (no ring)

@: lightly drained
A: almost no armour, stealthy swim, amphibious, 8 rings, constrict 8, camouflage
1, clumsy 1, fire resistance 1, frail 1, wild magic 1, gelatinous body 1
a: Channel Magic, Renounce Religion


You were on level 10 of the Dungeon.
You worshipped Sif Muna.
Sif Muna was pleased with you.
You visited 2 branches of the dungeon, and saw 12 of its levels.

You collected 677 gold pieces.

Inventory:

Hand Weapons
 c - a +0 dagger
 n - a +2 hand axe of flaming (weapon)
 o - a +0 fustibalus
 C - a +5 mace
 F - a +2 short sword of draining
Missiles
 p - 62 poisoned darts (quivered)
Armour
 w - a +1 buckler
Jewellery
 r - a cursed amulet of inaccuracy {unknown}
 s - a +4 ring of protection (left tentacle)
 y - an amulet of magic regeneration (around mantle)
 z - a +4 ring of slaying (right tentacle)
Wands
 k - a wand of flame (6)
 q - a wand of polymorph (21)
 v - a wand of digging (9)
 D - a wand of iceblast (10)
Scrolls
 a - 7 scrolls of teleportation
 b - 10 scrolls of identify
 d - 7 scrolls of remove curse
 j - 3 scrolls of enchant weapon
 l - 2 scrolls of immolation
 m - a scroll of vulnerability {unknown}
 u - 2 scrolls of fear
 x - a scroll of amnesia
 E - a scroll of brand weapon {unknown}
Potions
 e - a potion of berserk rage
 f - 3 potions of curing
 g - 4 potions of mutation
 i - 2 potions of flight {unknown}
 t - a potion of magic
 A - 3 potions of might
 B - 2 potions of brilliance
 G - a potion of cancellation {unknown}


   Skills:
 + Level 6.0(5.8) Fighting
 + Level 1.2(1.0) Short Blades
 + Level 4.0(3.9) Axes
 + Level 0.8(0.6) Throwing
 * Level 10.3(10.1) Dodging
 + Level 9.9(9.7) Stealth
 + Level 0.1(0.0) Unarmed Combat
 - Level 4.3(4.2) Spellcasting
 - Level 4.0(3.9) Conjurations
 + Level 4.6(4.5) Translocations
 - Level 5.1(4.9) Fire Magic
 + Level 1.1(0.9) Evocations


You had 2 spell levels left.
You knew the following spells:

 Your Spells              Type           Power        Failure   Level
a - Foxfire               Conj/Fire      ####         3%          1
b - Conjure Flame         Conj/Fire      ####....     9%          3
c - Inner Flame           Hex/Fire       ###.....     19%         3
d - Sticky Flame          Conj/Fire      ####....     26%         4
e - Freeze                Ice            #...         17%         1
f - Blink                 Tloc           N/A          4%          2
g - Searing Ray           Conj           ####..       6%          2

Your spell library contained the following spells:

 Spells                   Type           Power        Failure   Level
 Apportation              Tloc           ####..       3%          1
 Magic Dart               Conj           ####         4%          1
 Animate Skeleton         Necr           #.....       17%         1
 Corona                   Hex            #......      17%         1
 Pain                     Necr           #...         17%         1
 Summon Small Mammal      Summ           #...         17%         1
 Call Imp                 Summ           #.......     26%         2
 Slow                     Hex            #.......     26%         2
 Dazzling Flash           Conj/Hex       ###...       22%         3
 Mephitic Cloud           Conj/Pois/Air  ##......     28%         3
 Iskenderun's Mystic Bla  Conj/Tloc      ####....     28%         4
 Frozen Ramparts          Ice            #.....       43%         3
 Ozocubu's Armour         Ice            #.......     43%         3
 Vampiric Draining        Necr           #.........   43%         3
 Fulminant Prism          Conj/Hex       ###.......   54%         4
 Hailstorm                Conj/Ice       ###.....     54%         4
 Fireball                 Conj/Fire      ####......   54%         5
 Animate Dead             Necr           #.........   82%         4
 Summon Ice Beast         Ice/Summ       #.......     82%         4
 Agony                    Necr           #.......     98%         5


Dungeon Overview and Level Annotations

Branches:
Dungeon (11/15)            Temple (1/1) D:6            Lair (0/6) D:11
    Orc (0/2) D:10

Altars:
Ashenzari
Dithmenos
Elyvilon
Fedhas
Gozag
Hepliaklqana
Kikubaaqudgha
Makhleb
Nemelex Xobeh
Okawaru
Sif Muna
Trog
Uskayaw
Vehumet
Wu Jian
Xom
Yredelemnul
Zin
The Shining One

Shops:
D:6 *   D:8 }

Annotations:
D:4 3 runed translucent doors, fasse2k's ghost, amateur GnIE


Innate Abilities, Weirdness & Mutations

You cannot wear most types of armour.
You are very stealthy in the water. (Stealth+)
You are amphibious.
You can wear up to eight rings at the same time.
You can use your tentacles to constrict eight enemies at once.
Your skin changes colour to match your surroundings (Stealth+).
Your rubbery body absorbs attacks. (AC +1, EV +1)
You are clumsy. (Dex -2)
Your flesh is heat resistant. (rF+)
You are frail. (-10% HP)
Your spells are a little harder to cast, but a little more powerful.


Message History

Press: ? - help, Shift-Dir - straight line, f - wolf spider
Aim: a wolf spider shaped shifter (lightly wounded, 21% to evade)
The searing ray hits the wolf spider!
The wolf spider is moderately wounded. (Press . to maintain the ray.) Unknown command.
The searing ray hits the wolf spider!
The wolf spider is heavily wounded.
Unknown command.
The searing ray hits the wolf spider.
The wolf spider is severely wounded.
The wolf spider hits you!! The wolf spider bites you!
The wolf spider hits you!!
* * * LOW HITPOINT WARNING * * *
The wolf spider bites you but does no damage.
Unknown command.
Casting: Searing Ray (safe; 6% risk of failure)
Confirm with . or Enter, or press ? or * to list all spells.
You blink.
The wolf spider hits you!!
You die...

#.........#........8....[..#
##.........##........#....##
##........###.###.÷..###.##
...............##....#####
..#.....[.##.####....#.#####
..#..........###....§#..#..###
..#........#...#..#..........###
#....#.....#...s..#.##.........#
....###.....#.§.@..............#
.<.####....###.................##
..........####..................#
.#..........##..................#
##...........#.#.........8.8.8..#
.............#..................#
##.#...........................##
...........................#####
...#.....##.................##


You could see a wolf spider shaped shifter.

Vanquished Creatures
  A two-headed ogre (D:9)
  A hornet (D:6)
  Prince Ribbit (D:7)
  A wyvern (D:9)
  Sigmund (D:3)
  4 yaks (D:9)
  A steam dragon (D:8)
  Menkaure (D:7)
  Duvessa (D:7)
  2 water moccasins
  6 orc warriors
  2 ice beasts
  A black bear (D:7)
  5 sky beasts
  A necrophage (D:8)
  A phantom (D:5)
  6 centaurs
  6 ogres
  A big kobold (D:9)
  3 bullfrogs
  A water moccasin skeleton (D:7)
  4 scorpions
  Dowan (D:7)
  5 killer bees (D:8)
  8 wights
  6 howler monkeys
  2 quasits
  8 hounds
  2 jellies
  6 orc priests
  8 orc wizards
  A centaur skeleton (D:8)
  4 worker ants
  A hound skeleton (D:9)
  17 adders
  3 shadow imps
  A white imp (D:5)
  An ufetubus (D:6)
  An ooze (D:2)
  An adder zombie (D:5)
  9 worms
  2 dart slugs
  5 leopard geckos
  45 orcs
  2 ball pythons (D:5)
  2 bats
  7 giant cockroaches
  8 goblins
  8 hobgoblins
  14 jackals
  2 quokkas
  10 frilled lizards
  9 kobolds
  A leopard gecko skeleton (D:4)
  2 quokka skeletons
  A quokka zombie (D:9)
  7 rats
261 creatures vanquished.

Vanquished Creatures (others)
  674 foxfires
  6 plants
  4 withered plants (D:9)
684 creatures vanquished.

Grand Total: 945 creatures vanquished

Notes
Turn   | Place    | Note
-------+----------+-------------------------------------------
     0 | D:1      | Conn the Octopode Fire Elementalist began the quest for the
                  | Orb.
     0 | D:1      | Reached XP level 1. HP: 11/11 MP: 3/3
   181 | D:1      | Reached XP level 2. HP: 17/17 MP: 0/5
   554 | D:1      | Reached XP level 3. HP: 15/21 MP: 6/6
  1089 | D:1      | Learned a level 3 spell: Conjure Flame
  1343 | D:2      | Found a faded altar of an unknown god.
  1638 | D:2      | Reached XP level 4. HP: 15/27 MP: 7/7
  2057 | D:2      | Reached XP level 5. HP: 20/32 MP: 1/8
  2350 | D:2      | Reached skill level 1 in Short Blades
  2821 | D:3      | Reached skill level 3 in Dodging
  3084 | D:3      | Learned a level 3 spell: Inner Flame
  3702 | D:3      | Noticed Sigmund
  3810 | D:4      | Noticed an ogre
  4089 | D:4      | Noticed an orc warrior
  4106 | D:3      | Reached skill level 5 in Stealth
  4427 | D:4      | Reached skill level 1 in Axes
  4427 | D:4      | Reached XP level 6. HP: 25/37 MP: 9/9
  4443 | D:4      | Reached skill level 1 in Fighting
  4830 | D:3      | Killed Sigmund
  4831 | D:3      | Reached XP level 7. HP: 43/43 MP: 3/11
  5725 | D:4      | Reached skill level 4 in Dodging
  6372 | D:4      | Found a runed translucent gate.
  6372 | D:4      | Found a runed translucent gate.
  6372 | D:4      | Found a runed translucent gate.
  6373 | D:4      | Found an opulent altar of Gozag.
  6373 | D:4      | Noticed a wraith
  6374 | D:4      | Noticed fasse2k's ghost (amateur GnIE)
  6389 | D:4      | Learned a level 4 spell: Sticky Flame
  6482 | D:5      | Entered Level 5 of the Dungeon
  6677 | D:5      | Reached XP level 8. HP: 14/49 MP: 9/13
  7050 | D:3      | Gained mutation: You are clumsy. (Dex -2) [potion of
                  | mutation]
  7050 | D:3      | Gained mutation: Your spells are a little harder to cast,
                  | but a little more powerful. [potion of mutation]
  7050 | D:3      | Gained mutation: You are frail. (-10% HP) [potion of
                  | mutation]
  7050 | D:3      | Gained mutation: Your flesh is heat resistant. (rF+)
                  | [potion of mutation]
  7703 | D:5      | Found a blossoming altar of Fedhas.
  7858 | D:5      | Reached skill level 5 in Dodging
  8323 | D:6      | Found a staircase to the Ecumenical Temple.
  8330 | Temple   | Entered the Ecumenical Temple
  8342 | Temple   | Became a worshipper of Sif Muna the Loreminder
  8481 | D:7      | Noticed Duvessa
  8495 | D:7      | HP: 2/45 [shadow imp/nerve-wracking pain (13)]
  8502 | D:7      | Reached skill level 5 in Fire Magic
  8682 | D:7      | Noticed a hornet
  8710 | D:6      | Found a bloodstained altar of Trog.
  9238 | D:6      | Learned a level 1 spell: Freeze
  9535 | D:6      | Learned a level 2 spell: Blink
  9552 | D:6      | Reached XP level 9. HP: 22/48 MP: 15/15
  9741 | D:6      | Found a shadowy altar of Dithmenos.
  9743 | D:6      | Found a radiant altar of Vehumet.
  9745 | D:6      | Found a glowing silver altar of Zin.
  9747 | D:6      | Found a hide-covered altar of Uskayaw.
  9930 | D:6      | Found Vaosugiu's Assorted Antiques.
  9953 | D:6      | Reached skill level 1 in Translocations
 10133 | D:6      | Reached skill level 6 in Dodging
 10494 | D:7      | Noticed Dowan
 10507 | D:6      | Killed a hornet
 10789 | D:7      | Killed Dowan
 10860 | D:7      | Killed Duvessa
 10906 | D:7      | Reached skill level 7 in Dodging
 11014 | D:7      | Noticed Menkaure
 11075 | D:7      | Killed Menkaure
 11167 | D:7      | Reached * piety under Sif Muna
 11375 | D:7      | Found an opulent altar of Gozag.
 11539 | D:7      | Noticed Prince Ribbit
 11675 | D:7      | Reached XP level 10. HP: 20/56 MP: 13/16
 11681 | D:7      | Reached skill level 8 in Dodging
 11960 | D:7      | Killed Prince Ribbit
 12782 | D:8      | Learned a level 2 spell: Searing Ray
 12784 | D:8      | Found Exoen's Gadget Boutique.
 13224 | D:8      | Reached skill level 9 in Dodging
 13708 | D:9      | Reached ** piety under Sif Muna
 13990 | D:9      | Found a shimmering altar of Xom.
 13991 | D:9      | Found a hazy altar of Hepliaklqana.
 13992 | D:9      | Noticed a spectral ugly thing
 14047 | D:9      | Reached skill level 5 in Fighting
 14563 | D:9      | Reached skill level 1 in Evocations
 14735 | D:9      | Found a basalt altar of Yredelemnul.
 14908 | D:9      | Noticed a two-headed ogre
 14959 | D:9      | Killed a two-headed ogre
 14960 | D:9      | Reached skill level 10 in Dodging
 14960 | D:9      | Reached XP level 11. HP: 27/64 MP: 11/17
 15177 | D:9      | Found an ancient bone altar of Kikubaaqudgha.
 15450 | D:10     | Entered Level 10 of the Dungeon
 15914 | D:10     | Found a staircase to the Orcish Mines.
 16027 | D:10     | Found a shimmering altar of Xom.
 16027 | D:10     | Found a shimmering altar of Xom.
 16028 | D:10     | Found a shimmering altar of Xom.
 16028 | D:10     | Found a shimmering altar of Xom.
 16028 | D:10     | Found a shimmering altar of Xom.
 16029 | D:10     | Found a shimmering altar of Xom.
 16301 | D:10     | Noticed a fire crab
 16301 | D:10     | a black mamba changed into a fire crab
 16308 | D:11     | Found a staircase to the Lair.
 16308 | D:11     | Noticed an eight-headed hydra
 16572 | D:10     | Noticed a glowing orange brain
 16585 | D:10     | Noticed a wolf spider
 16585 | D:10     | a glowing orange brain changed into a wolf spider
 16589 | D:10     | Slain by a wolf spider (shapeshifter)

Illustrated notes

Levels and vault maps discovered:
D:1:      minmay_arrival_nine_rooms, layout_loops_ring
D:2:      layout_basic, chequers_ecumenical_altar_twisty
D:3:      layout_basic, uniq_sigmund
D:4:      layout_basic, ebering_ghost_gozag, feat_on_display
D:5:      layout_gridville, overflow_temple_1_default, saegor_snake_ambush
D:6:      layout_loops_corners, nicolae_overflow_crystal_walls, minitemple,
          minmay_temple_entry_gardened_gates, serial_shops,
          nicolae_shop_overgrown_old_shop
D:7:      layout_cave_pools, basic_altar, abandoned_shop, uniq_prince_ribbit1,
          uniq_menkaure, uniq_duvessa
D:8:      layout_loops_ring, serial_shops, shop
D:9:      layout_gridville, regret_index_temple_of_mockery, marbit_many_paths,
          kiku_gazebo_garden_becter
D:10:     layout_cave_pools, serial_column_ruins, column_ruins_hut,
          column_ruins_grid_1, column_ruins_open_tiny_water,
          column_ruins_columns_straight, column_ruins_open_medium,
          column_ruins_grid_2, column_ruins_corridor_straight,
          column_ruins_corridor_corner, minmay_misc_feat_nine_boxes,
          xom_shifter_show
D:11:     layout_rooms, minmay_lair_entry_grove
Temple:   nicolae_temple_x_marks_the_god

Skill      XL: |  1  2  3  4  5  6  7  8  9 10 11 |
---------------+----------------------------------+-----
Stealth        | 3 4 5 6 8 9 |  9.9
Short Blades   | 1 |  1.2
Dodging        | 3 4 5 7 10 | 10.3
Axes           | 1 2 3 4 |  4.0
Fighting       | 1 2 3 5 6 |  6.0
Conjurations   | 2 4 |  4.0
Fire Magic     | 4 5 |  5.1
Spellcasting   | 3 4 |  4.3
Translocations | 3 4 |  4.6
Evocations     | 1 |  1.1
Throwing       | |  0.8
Unarmed Combat | |  0.1

Action                   |  1- 3 |  4- 6 |  7- 9 | 10-12 || total
-------------------------+-------+-------+-------+-------++-------
Melee: Constrict         |    14 |    15 |    28 |    28 ||    85
       Unarmed           |     4 |       |       |       ||     4
       Dagger            |    66 |    18 |       |       ||    84
       Tentacles         |    12 |     8 |    25 |    21 ||    66
       Hand axe          |       |    58 |   186 |   158 ||   402
Throw: Dart              |       |     3 |     2 |       ||     5
 Cast: Foxfire           |    24 |    61 |   189 |   105 ||   379
       Conjure Flame     |       |     2 |    12 |     4 ||    18
       Sticky Flame      |       |       |     1 |     1 ||     2
       Blink             |       |       |       |    12 ||    12
       Searing Ray       |       |       |       |     9 ||     9
Evoke: Wand              |       |       |     1 |     4 ||     5
  Use: Potion            |       |     1 |     9 |     4 ||    14
       Scroll            |       |       |    17 |     1 ||    18
 Stab: Sleeping          |    13 |     4 |    10 |    10 ||    37
       Distracted        |       |     1 |       |     1 ||     2
Armor: Skin              |     7 |     7 |    70 |    25 ||   109
Dodge: Dodged            |    37 |    66 |   216 |   196 ||   515

Table legend: (Time is in decaauts)
 A = Elapsed time spent in this place.
 B = Non-inter-level travel time spent in this place.
 C = Inter-level travel time spent in this place.
 D = Time resting spent in this place.
 E = Time spent auto-exploring this place.
 F = Levels seen in this place.
 G = Mean time per level.
                   A        B        C        D        E       F      G
               +--------+--------+--------+--------+--------+-----+--------+
         Total |  16674 |  16245 |    429 |   4413 |   7854 |  12 | 1389.5 |
       Dungeon |  16652 |  16233 |    419 |   4413 |   7850 |  11 | 1513.8 |
        Temple |     22 |     12 |     10 |      0 |      4 |   1 |   22.0 |
               +--------+--------+--------+--------+--------+-----+--------+

Top non-repeatable levels by time:
     D:3: 2465 daAuts
     D:6: 2268 daAuts
     D:9: 1832 daAuts
     D:7: 1754 daAuts
     D:5: 1577 daAuts
     D:4: 1501 daAuts
     D:2: 1433 daAuts
     D:1: 1378 daAuts
     D:8: 1298 daAuts
    D:10: 1132 daAuts
  Temple: 22 daAuts
    D:11: 9 daAuts
